Construct Infanterie Kompanie
Selects Luftwaffe Battlegroup
Selects Fallschirmpioneer Squad Paradrop
Fallschirmpioneer Squad Paradrop
Fallschirmpioneer Squad Paradrop
Construct Panzergrenadier Kompanie
Pak 40 Anti-tank Gun Team
Selects Stuka Strafing Run
Construct Panzer Kompanie
Pak 40 Anti-tank Gun Team
Selects Luftwaffe Combat Group
Selects Infantry Reserves
Selects Fallschirmjäger Squad Paradrop
Nebelwerfer 42 Rocket Launcher Team